 Dungeon Crawl Stone Soup version 0.30.0-5-g1a98f26d00 (webtiles) character file.

Game seed: 16152652569610461413

26520 Implojin the Basher (level 13, 0/123 HPs)
             Began as an Ogre Delver on May 10, 2023.
             Was an Elder of Hepliaklqana.
             Slain by a swamp worm (21 damage)
             ... on level 3 of the Lair of Beasts.
             The game lasted 01:08:43 (20603 turns).

Implojin the Basher (Ogre Delver)                  Turns: 20603, Time: 01:08:43

Health: 0/123      AC:  8    Str: 18    XL:     13   Next: 26%
Magic:  16/20      EV: 12    Int: 15    God:    Hepliaklqana [****..]
Gold:   454        SH:  0    Dex: 13    Spells: 11/12 levels left

rFire   + + .        L - +7 demon whip (vamp)
rCold   x . .        (no shield)
rNeg    . . .        A - +0 troll leather armour
rPois   .            (helmet restricted)
rElec   .            Q - +2 cloak {rF+}
rCorr   .            (gloves unavailable)
SInv    .            (boots unavailable)
Will    +....        (no amulet)
Stlth   +++          r - ring of fire
HPRegen 1.20/turn    P - ring of flight
MPRegen 0.17/turn

%: no passive effects
@: flying, hasted, very quick
A: reduced essence, large, unfitting armour, tough skin 1, beak, clever 1,
MP-powered wands
a: Renounce Religion, Recall Ancestor, Ancestor Identity, Transference, Idealise


You were on level 3 of the Lair of Beasts.
You worshipped Hepliaklqana.
Hepliaklqana was greatly pleased with you.
You visited 2 branches of the dungeon, and saw 14 of its levels.
You also visited: Ossuary, Bailey and Volcano.

You collected 908 gold pieces.
You spent 454 gold pieces at shops.

Inventory:

Hand Weapons
 y - the +9 war axe "Widowermaker" {venom, *Noise rF++ rC+ Stlth+}
   (You found it on level 9 of the Dungeon)

   rF:        It greatly protects you from fire.
   rC:        It protects you from cold.
   *Noise:    It may make noises in combat.
   Stlth:     It makes you more stealthy.
 G - a +0 bardiche of flaming
 L - a +7 vampiric demon whip (weapon)
Missiles
 a - 7 poisoned darts
 f - 9 javelins
 h - 2 throwing nets
 j - 116 stones
 s - 10 boomerangs (quivered)
Armour
 d - +0 steam dragon scales
 m - +0 fire dragon scales
 A - a +0 troll leather armour (worn)
 K - a +1 cloak
 Q - a +2 cloak of fire resistance (worn)
Jewellery
 b - the amulet "Laplir" {Faith Harm Will+}
   (You found it on level 6 of the Dungeon)

   [amulet of faith]

   It allows you to gain divine favour quickly.
   Harm:      It increases damage dealt and taken.
   Will:      It increases your willpower.
 r - a ring of fire (left hand)
 z - a ring of magical power
 P - a ring of flight (right hand)
Wands
 o - a wand of flame (21)
 t - a wand of iceblast (7)
 v - a wand of polymorph (6)
 H - a wand of acid (1)
Scrolls
 c - 5 scrolls of fog
 i - 4 scrolls of vulnerability
 l - 3 scrolls of torment
 p - 6 scrolls of teleportation
 w - a scroll of silence
 F - a scroll of enchant armour
 I - a scroll of brand weapon
Potions
 e - 3 potions of curing
 n - a potion of brilliance
 q - a potion of lignification
 u - 2 potions of flight
 B - 2 potions of might
 C - a potion of cancellation
 D - 2 potions of magic
 E - 2 potions of attraction
 O - a potion of mutation
 R - a potion of resistance


   Skills:
 * Level 11.3 Fighting
 - Level 12.0 Maces & Flails
 - Level 10.0 Polearms
 - Level 4.0 Throwing
 - Level 6.9 Dodging
 - Level 5.0 Stealth
 - Level 10.0 Invocations


You had 11 spell levels left.
You knew the following spells:

 Your Spells              Type           Power      Damage    Failure   Level
a - Shock                 Conj/Air       0%         1d3       32%         1

Your spell library contained the following spells:

 Spells                   Type           Power      Damage    Failure   Level
 Freeze                   Ice            0%         1d3       32%         1
 Kiss of Death            Conj/Necr      0%         2d5       32%         1
 Cigotuvi's Dreadful Rot  Necr/Pois/Air  0%         N/A       43%         2
 Lesser Beckoning         Tloc           0%         N/A       43%         2
 Poisonous Vapours        Pois/Air       0%         N/A       43%         2
 Confusing Touch          Hex            0%         N/A       67%         3
 Dazzling Flash           Conj/Hex       0%         N/A       67%         3
 Frozen Ramparts          Ice            0%         1d1       67%         3
 Gell's Gravitas          Tloc           0%         N/A       67%         3
 Hailstorm                Conj/Ice       0%         3d3       67%         3
 Mephitic Cloud           Conj/Pois/Air  0%         N/A       67%         3
 Summon Guardian Golem    Hex/Summ       0%         N/A       67%         3
 Swiftness                Air            0%         N/A       67%         3
 Teleport Other           Tloc           0%         N/A       67%         3
 Airstrike                Air            0%         2d(0-16)  97%         4
 Animate Armour           Summ/Erth      0%         N/A       97%         4
 Dispel Undead            Necr           0%         3d6       97%         4
 Leda's Liquefaction      Hex/Erth       0%         N/A       97%         4
 Passage of Golubria      Tloc           0%         N/A       97%         4
 Petrify                  Tmut/Erth      0%         N/A       97%         4
 Blade Hands              Tmut           0%         N/A       100%        5
 Freezing Cloud           Conj/Ice/Air   0%         6-21      100%        5
 Lee's Rapid Deconstruct  Erth           0%         3d4*      100%        5
 Metabolic Englaciation   Hex/Ice        0%         N/A       100%        5
 Silence                  Hex/Air        0%         N/A       100%        5
 Conjure Ball Lightning   Conj/Air       0%         3x3d6     100%        6
 Death Channel            Necr           0%         N/A       100%        6
 Iron Shot                Conj/Erth      0%         9d1       100%        6
 Statue Form              Tmut/Erth      0%         N/A       100%        6
 Orb of Destruction       Conj           0%         9d5       100%        7
 Spellforged Servitor     Conj/Summ      0%         N/A       100%        7
 Borgnjor's Revivificati  Necr           0%         N/A       100%        8
 Lehudib's Crystal Spear  Conj/Erth      0%         10d2      100%        8
 Necromutation            Tmut/Necr      0%         N/A       100%        8
 Death's Door             Necr           0%         N/A       100%        9


Dungeon Overview and Level Annotations

Branches:
Dungeon (11/15)            Temple (0/1) D:5            Lair (3/5) D:8
  Swamp (0/4) Lair:2       Spider (0/4) Lair:3      Ossuary (visited)
 Bailey (visited)         Volcano (visited)
    Orc: D:9-12

Altars:
Ashenzari
Elyvilon
Fedhas
Gozag
Hepliaklqana
Makhleb
Nemelex Xobeh
Qazlal
Sif Muna
Uskayaw
Wu Jian
Xom
Yredelemnul
Zin
The Shining One

Shops:
D:6 [   D:9 ?*?*

Annotations:
D:8 Erica
D:9 exclusion: upstairs
D:11 exclusions: basilisk, cyclops, ugly thing and 9 more exclusions


Innate Abilities, Weirdness & Mutations

Your life essence is reduced to manifest your ancestor. (-10% HP)
You are too large for most types of armour.
You have tough skin. (AC +1)
You have a beak for a mouth.
Your mind is acute. (Int +4, Str/Dex -1)
You expend magic power (3 MP) to strengthen your wands.


Message History

Okay, then.
Okay, then.
Okay, then.
Okay, then.
Okay, then.
Okay, then.
Okay, then.
You swap places.
The eight-headed hydra bites šŸ¦€.
The eight-headed hydra bites šŸ¦€! šŸ¦€ blocks the eight-headed hydra's attack.
The eight-headed hydra bites šŸ¦€ but does no damage.
The eight-headed hydra bites šŸ¦€. x2
The eight-headed hydra bites šŸ¦€ but does no damage. šŸ¦€ blocks the eight-headed hydra's attack. šŸ¦€ hits the eight-headed hydra with a +0 flail!!
The swamp worm bites you.
Danger: Low HP Warning |T3| Reason: 3% HP (4/123)
You feel much better.
The swamp worm bites you. šŸ¦€ blocks the eight-headed hydra's attack.
The eight-headed hydra barely misses šŸ¦€. šŸ¦€ blocks the eight-headed hydra's attack.
The eight-headed hydra bites šŸ¦€ but does no damage. šŸ¦€ blocks the eight-headed hydra's attack.
The eight-headed hydra barely misses šŸ¦€.
The eight-headed hydra closely misses šŸ¦€.
The eight-headed hydra bites šŸ¦€ but does no damage.
The swamp worm closely misses you. The swamp worm barely misses you.
Danger: Low HP Warning |T3| Reason: 23% HP (29/123)
You feel yourself speed up.
The vampire mosquito misses you. šŸ¦€ hits the eight-headed hydra with a +0 flail!
The eight-headed hydra dies!
The swamp worm bites you. The vampire mosquito bites you.
The vampire mosquito draws strength from your injuries!
The swamp worm closely misses you.
Danger: Low HP Warning |T3| Reason: 21% HP (26/123)
You feel much better.
The vampire mosquito bites you but does no damage.
The swamp worm bites you!! The vampire mosquito barely misses you.
The swamp worm bites you!!
You die...

#..#........#.##
##.........^..P##
#......<........#.
.................# ā‰ˆ....
##...............## #....
#................# #.....
#...ā€ ............# #w....
#..R...........# #.....#
##w@...........# #...Dy.##ā€
wy..........## ##
#......#.#yD.........P# ###.
#...ww..##...#..###.#####...
#......####...### #.#P##....
#.......# #..## # #.........
#.......# #..# .###.#......
#..t..yP###... ....#......
#......P...###. #...###.....


You could see the friendly šŸ¦€ the knight, a swamp dragon, 2 swamp worms and 2
vampire mosquitoes.

Vanquished Creatures
  A fire dragon (Volcano)
  2 alligators (Lair:3)
  A pharaoh ant (Lair:3)
  A bog body (Lair:2)
  4 lindwurms (Volcano)
  Pikel (D:8)
  Joseph (D:8)
  A cane toad (Lair:2)
  3 black mambas
  3 smoke demons (Volcano)
  A kobold demonologist (D:11)
  An unseen horror zombie (D:9)
  2 komodo dragons
  A troll (D:11)
  4 blink frogs
  2 tarantellas (Lair:3)
  A wyvern (Lair:1)
  23 yaks
  A basilisk (Lair:3)
  2 vampire mosquitoes (Lair:3)
  4 steam dragons
  Menkaure (Ossuary)
  A redback (Lair:3)
  6 water moccasins
  A hell hound (Volcano)
  3 orc warriors (D:9)
  3 black bears
  4 ice beasts
  3 sky beasts
  An ogre (D:4)
  3 centaurs
  A phantom (D:7)
  2 lemures
  A kobold brigand (D:9)
  2 elf zombies (Ossuary)
  3 gnoll sergeants
  2 bullfrogs
  4 scorpions (D:5)
  14 wights
  5 killer bees
  3 electric eels
  5 howler monkeys
  A crimson imp (D:8)
  A jelly (D:5)
  A human zombie (D:9)
  3 centaur zombies
  A hound (D:7)
  4 orc priests
  Crazy Yiuf (D:7)
  A sleepcap (D:8)
  2 iguanas (D:6)
  7 orc wizards
  3 ogre zombies (Ossuary)
  7 mummies
  Robin (D:3)
  A howler monkey zombie (D:9)
  9 adders
  15 gnolls
  2 shadow imps
  5 white imps (D:8)
  An adder zombie (Ossuary)
  2 worms (D:3)
  3 dart slugs
  33 orcs
  6 endoplasms
  4 giant cockroaches
  3 gnoll zombies (Ossuary)
  9 hobgoblins
  12 jackals
  9 kobolds
  6 quokkas
  10 ball pythons
  2 bats
  3 frilled lizards
  21 goblins
  3 goblin skeletons (D:8)
  6 goblin zombies
  10 hobgoblin zombies
  2 kobold zombies
  An orc skeleton (D:8)
  2 orc zombies (D:8)
  3 quokka zombies (Ossuary)
  3 rats
  A rat zombie (Ossuary)
348 creatures vanquished.

Vanquished Creatures (collateral kills)
  A hydra (Lair:3)
  A boulder beetle (D:11)
  2 two-headed ogres
  An unseen horror zombie (D:9)
  2 komodo dragons
  A tyrant leech (Lair:3)
  A wraith (D:10)
  9 yaks
  A basilisk (Lair:1)
  A steam dragon (Volcano)
  A vampire mosquito (Lair:3)
  A swamp worm (Lair:3)
  2 water moccasins
  An ice beast (D:7)
  A sky beast (D:7)
  An ogre (D:7)
  A lemure (D:9)
  A necrophage (D:9)
  A bullfrog (Lair:2)
  A wyvern zombie (D:9)
  4 wights
  2 killer bees (D:9)
  An iron imp (D:8)
  An orc wizard (D:7)
  A howler monkey zombie (D:9)
  3 gnolls (D:7)
  2 white imps
  5 orcs
  A goblin (D:10)
  A goblin zombie (D:8)
  3 kobolds (D:9)
  A kobold skeleton (D:8)
  A kobold zombie (D:8)
57 creatures vanquished.

Vanquished Creatures (others)
  A cane toad (Lair:3)
  2 knights
  6 ancestors
  A bat (D:3)
10 creatures vanquished.

Grand Total: 415 creatures vanquished

Notes
Turn   | Place    | Note
-------+----------+-------------------------------------------
     0 | D:5      | Implojin the Ogre Delver began the quest for the Orb.
     0 | D:5      | Reached XP level 1. HP: 24/24 MP: 1/1
    69 | D:2      | Found a faded altar of an unknown god.
   143 | D:1      | Reached XP level 2. HP: 31/32 MP: 2/2
   298 | D:1      | Learned a level 1 spell: Shock
   323 | D:1      | Danger: Low HP Warning |T2| Reason: 60% HP (20/33)
   611 | D:1      | Reached XP level 3. HP: 41/41 MP: 3/3
   619 | D:1      | Reached skill level 5 in Fighting
  1111 | D:2      | Danger: Low HP Warning |T2| Reason: 59% HP (25/42)
  1119 | D:2      | Danger: Low HP Warning |T2| Reason: 57% HP (24/42)
  1120 | D:2      | Danger: Low HP Warning |T2| Reason: 57% HP (24/42)
  1121 | D:2      | Danger: Low HP Warning |T2| Reason: 52% HP (22/42)
  1122 | D:2      | Danger: Low HP Warning |T2| Reason: 52% HP (22/42)
  1123 | D:2      | Danger: Low HP Warning |T2| Reason: 54% HP (23/42)
  1124 | D:2      | Danger: Low HP Warning |T2| Reason: 54% HP (23/42)
  1125 | D:2      | Danger: Low HP Warning |T2| Reason: 50% HP (21/42)
  1126 | D:2      | Danger: Low HP Warning |T2| Reason: 50% HP (21/42)
  1127 | D:2      | Danger: Low HP Warning |T2| Reason: 52% HP (22/42)
  1128 | D:2      | Danger: Low HP Warning |T2| Reason: 52% HP (22/42)
  1129 | D:2      | Danger: Low HP Warning |T2| Reason: 50% HP (21/42)
  1130 | D:2      | Danger: Low HP Warning |T2| Reason: 52% HP (22/42)
  1131 | D:2      | Danger: Low HP Warning |T2| Reason: 52% HP (22/42)
  1132 | D:2      | Danger: Low HP Warning |T2| Reason: 52% HP (22/42)
  1133 | D:2      | Danger: Low HP Warning |T2| Reason: 52% HP (22/42)
  1134 | D:2      | Danger: Low HP Warning |T2| Reason: 54% HP (23/42)
  1135 | D:2      | Danger: Low HP Warning |T2| Reason: 54% HP (23/42)
  1136 | D:2      | Danger: Low HP Warning |T2| Reason: 54% HP (23/42)
  1137 | D:2      | Danger: Low HP Warning |T2| Reason: 50% HP (21/42)
  1138 | D:2      | Danger: Low HP Warning |T2| Reason: 52% HP (22/42)
  1139 | D:2      | Danger: Low HP Warning |T2| Reason: 52% HP (22/42)
  1140 | D:2      | Danger: Low HP Warning |T2| Reason: 52% HP (22/42)
  1141 | D:2      | Danger: Low HP Warning |T2| Reason: 52% HP (22/42)
  1142 | D:2      | Danger: Low HP Warning |T2| Reason: 54% HP (23/42)
  1143 | D:2      | Danger: Low HP Warning |T2| Reason: 54% HP (23/42)
  1144 | D:2      | Danger: Low HP Warning |T2| Reason: 54% HP (23/42)
  1145 | D:2      | Danger: Low HP Warning |T2| Reason: 52% HP (22/42)
  1146 | D:2      | Danger: Low HP Warning |T2| Reason: 52% HP (22/42)
  1147 | D:2      | Danger: Low HP Warning |T2| Reason: 52% HP (22/42)
  1148 | D:2      | Danger: Low HP Warning |T2| Reason: 52% HP (22/42)
  1149 | D:2      | Danger: Low HP Warning |T2| Reason: 54% HP (23/42)
  1150 | D:2      | Danger: Low HP Warning |T2| Reason: 54% HP (23/42)
  1151 | D:2      | Danger: Low HP Warning |T2| Reason: 45% HP (19/42)
  1152 | D:2      | Danger: Low HP Warning |T2| Reason: 42% HP (18/42)
  1154 | D:2      | Danger: Low HP Warning |T2| Reason: 45% HP (19/42)
  1155 | D:2      | Danger: Low HP Warning |T2| Reason: 45% HP (19/42)
  1156 | D:2      | Danger: Low HP Warning |T2| Reason: 47% HP (20/42)
  1157 | D:2      | Danger: Low HP Warning |T2| Reason: 47% HP (20/42)
  1159 | D:1      | Danger: Low HP Warning |T2| Reason: 47% HP (20/42)
  1334 | D:2      | Reached XP level 4. HP: 46/50 MP: 4/4
  2150 | D:2      | Danger: Low HP Warning |T2| Reason: 56% HP (28/50)
  2151 | D:2      | Danger: Low HP Warning |T2| Reason: 48% HP (24/50)
  2152 | D:2      | Danger: Low HP Warning |T2| Reason: 40% HP (20/50)
  2153 | D:2      | Danger: Low HP Warning |T2| Reason: 40% HP (20/50)
  2154 | D:2      | Danger: Low HP Warning |T2| Reason: 34% HP (17/50)
  2155 | D:2      | Danger: Low HP Warning |T2| Reason: 34% HP (17/50)
  2156 | D:2      | Danger: Low HP Warning |T2| Reason: 32% HP (16/50)
  2157 | D:2      | Danger: Low HP Warning |T2| Reason: 32% HP (16/50)
  2158 | D:2      | Danger: Low HP Warning |T2| Reason: 32% HP (16/50)
  2159 | D:2      | Reached XP level 5. HP: 19/57 MP: 5/5
  2353 | D:2      | Reached skill level 5 in Stealth
  2412 | D:2      | Danger: Low HP Warning |T2| Reason: 56% HP (32/57)
  2413 | D:2      | Danger: Low HP Warning |T2| Reason: 56% HP (32/57)
  2414 | D:2      | Danger: Low HP Warning |T2| Reason: 47% HP (27/57)
  2571 | D:3      | Danger: Low HP Warning |T2| Reason: 59% HP (34/57)
  2574 | D:3      | Danger: Low HP Warning |T2| Reason: 50% HP (29/57)
  2575 | D:3      | Danger: Low HP Warning |T2| Reason: 43% HP (25/57)
  2576 | D:3      | Danger: Low HP Warning |T2| Reason: 43% HP (25/57)
  2577 | D:3      | Danger: Low HP Warning |T2| Reason: 38% HP (22/57)
  2578 | D:3      | Danger: Low HP Warning |T2| Reason: 31% HP (18/57)
  2579 | D:3      | Danger: Low HP Warning |T2| Reason: 31% HP (18/57)
  2580 | D:3      | Danger: Low HP Warning |T2| Reason: 31% HP (18/57)
  2759 | D:3      | Danger: Low HP Warning |T2| Reason: 52% HP (30/57)
  2760 | D:3      | Danger: Low HP Warning |T2| Reason: 47% HP (27/57)
  2761 | D:3      | Danger: Low HP Warning |T2| Reason: 42% HP (24/57)
  2762 | D:3      | Danger: Low HP Warning |T2| Reason: 38% HP (22/57)
  2763 | D:3      | Danger: Low HP Warning |T2| Reason: 47% HP (27/57)
  2764 | D:3      | Danger: Low HP Warning |T2| Reason: 45% HP (26/57)
  2765 | D:3      | Danger: Low HP Warning |T2| Reason: 40% HP (23/57)
  2766 | D:3      | Danger: Low HP Warning |T2| Reason: 40% HP (23/57)
  2767 | D:3      | Danger: Low HP Warning |T2| Reason: 33% HP (19/57)
  2959 | D:3      | Danger: Low HP Warning |T2| Reason: 57% HP (33/57)
  3612 | D:3      | Noticed Robin
  3614 | D:3      | Danger: Robin |T2| Reason: Unique monster, careful!
  3618 | D:3      | Danger: Robin |T2| Reason: Unique monster, careful!
  3635 | D:3      | Danger: Robin |T2| Reason: Unique monster, careful!
  3661 | D:3      | Danger: Robin |T2| Reason: Unique monster, careful!
  3670 | D:3      | Danger: Robin |T2| Reason: Unique monster, careful!
  3697 | D:3      | Danger: Robin |T2| Reason: Unique monster, careful!
  3710 | D:3      | Killed Robin
  3877 | D:4      | Noticed a black bear
  3914 | D:4      | Reached XP level 6. HP: 57/67 MP: 6/6
  3993 | D:4      | Danger: orc wizard |T2| Reason: OOD monster, careful!
  3998 | D:4      | Danger: orc wizard |T2| Reason: OOD monster, careful!
  4148 | D:4      | Danger: orc wizard |T2| Reason: OOD monster, careful!
  4708 | D:5      | Found a hide-covered altar of Uskayaw.
  4888 | D:5      | Found a hazy altar of Hepliaklqana.
  4912 | D:5      | Became a worshipper of Hepliaklqana the Forgotten
  4915 | D:5      | Danger: orc |T2| Reason: Quivering boomerangs, careful!
  4928 | D:5      | Danger: orc |T2| Reason: Quivering boomerangs, careful!
  4930 | D:5      | Danger: orc |T2| Reason: Quivering boomerangs, careful!
  5157 | D:5      | Found a shimmering blue altar of Sif Muna.
  5196 | D:5      | Found a staircase to the Ecumenical Temple.
  5222 | D:5      | Noticed an ice beast
  5283 | D:4      | Danger: orc wizard |T2| Reason: OOD monster, careful!
  5283 | D:4      | Danger: Low HP Warning |T2| Reason: 41% HP (28/67)
  5284 | D:4      | Danger: Low HP Warning |T2| Reason: 38% HP (26/67)
  5285 | D:4      | Danger: Low HP Warning |T2| Reason: 38% HP (26/67)
  5286 | D:4      | Danger: Low HP Warning |T2| Reason: 38% HP (26/67)
  5287 | D:4      | Reached skill level 5 in Polearms
  5287 | D:4      | Reached XP level 7. HP: 29/74 MP: 7/7
  6337 | D:4      | Found a sparkling altar of Nemelex Xobeh.
  6688 | D:4      | Found a blossoming altar of Fedhas.
  6757 | D:5      | Danger: Low HP Warning |T2| Reason: 60% HP (45/74)
  7115 | D:5      | Reached XP level 8. HP: 72/83 MP: 8/8
  7173 | D:5      | Found an ornate altar of the Wu Jian Council.
  7226 | D:5      | Danger: Low HP Warning |T2| Reason: 54% HP (45/83)
  7227 | D:5      | Danger: Low HP Warning |T2| Reason: 53% HP (44/83)
  7232 | D:5      | Danger: Low HP Warning |T2| Reason: 51% HP (43/83)
  7233 | D:5      | Danger: Low HP Warning |T2| Reason: 38% HP (32/83)
  7234 | D:5      | Danger: Low HP Warning |T2| Reason: 46% HP (39/83)
  7235 | D:5      | Danger: Low HP Warning |T2| Reason: 44% HP (37/83)
  7236 | D:5      | Danger: Low HP Warning |T2| Reason: 40% HP (34/83)
  7237 | D:5      | Danger: Low HP Warning |T2| Reason: 37% HP (31/83)
  7238 | D:5      | Danger: Low HP Warning |T2| Reason: 34% HP (29/83)
  7552 | D:6      | Found a glowing silver altar of Zin.
  7553 | D:6      | Noticed an angel
  7576 | D:6      | Found Dieboot's Armour Shoppe.
  7655 | D:6      | Bought a +2 robe for 177 gold pieces
  7707 | D:6      | Found a sand-covered staircase.
  7712 | Ossuary  | Entered an ossuary
  7935 | Ossuary  | Reached skill level 1 in Throwing
  8065 | Ossuary  | Danger: Low HP Warning |T2| Reason: 59% HP (49/83)
  8423 | Ossuary  | Noticed Menkaure
  8424 | Ossuary  | Danger: Menkaure |T2| Reason: Unique monster, careful!
  8424 | Ossuary  | Danger: Menkaure |T3| Reason: Torment and not torment
                  | immune!
  8427 | Ossuary  | Danger: Menkaure |T2| Reason: Unique monster, careful!
  8427 | Ossuary  | Danger: Menkaure |T3| Reason: Torment and not torment
                  | immune!
  8428 | Ossuary  | Danger: Menkaure |T3| Reason: Torment and not torment
                  | immune!
  8430 | Ossuary  | Danger: Menkaure |T2| Reason: Unique monster, careful!
  8430 | Ossuary  | Danger: Menkaure |T3| Reason: Torment and not torment
                  | immune!
  8431 | Ossuary  | Danger: Menkaure |T3| Reason: Torment and not torment
                  | immune!
  8432 | Ossuary  | Gained mutation: You expend magic power (3 MP) to
                  | strengthen your wands. [potion of mutation]
  8432 | Ossuary  | Gained mutation: You have a beak for a mouth. [potion of
                  | mutation]
  8432 | Ossuary  | Gained mutation: Your mind is acute. (Int +4, Str/Dex -1)
                  | [potion of mutation]
  8434 | Ossuary  | Danger: Menkaure |T2| Reason: Unique monster, careful!
  8434 | Ossuary  | Danger: Menkaure |T3| Reason: Torment and not torment
                  | immune!
  8435 | Ossuary  | Danger: Menkaure |T3| Reason: Torment and not torment
                  | immune!
  8436 | Ossuary  | Danger: Menkaure |T3| Reason: Torment and not torment
                  | immune!
  8437 | Ossuary  | Danger: Menkaure |T3| Reason: Torment and not torment
                  | immune!
  8437 | Ossuary  | Killed Menkaure
  8656 | D:6      | Identified the amulet "Laplir" {Faith Harm Will+}
  9088 | D:6      | Danger: Low HP Warning |T2| Reason: 60% HP (50/83)
  9089 | D:6      | Danger: Low HP Warning |T2| Reason: 60% HP (50/83)
  9090 | D:6      | Reached XP level 9. HP: 54/89 MP: 9/9
  9376 | D:7      | Reached * piety under Hepliaklqana
  9434 | D:7      | Danger: Low HP Warning |T2| Reason: 55% HP (44/80)
  9435 | D:7      | Danger: Low HP Warning |T2| Reason: 56% HP (45/80)
  9436 | D:7      | Danger: Low HP Warning |T2| Reason: 48% HP (39/80)
  9437 | D:7      | Danger: Low HP Warning |T2| Reason: 45% HP (36/80)
  9438 | D:7      | Danger: Low HP Warning |T2| Reason: 31% HP (25/80)
  9439 | D:7      | Danger: Low HP Warning |T2| Reason: 31% HP (25/80)
  9440 | D:7      | Danger: Low HP Warning |T2| Reason: 31% HP (25/80)
  9749 | D:7      | Found a runed translucent door.
  9750 | D:7      | Noticed Crazy Yiuf
  9789 | D:7      | Reached skill level 10 in Polearms
 10027 | D:7      | Danger: orc |T2| Reason: Electrocution weapon and no rElec!
 10048 | D:7      | Danger: orc |T2| Reason: Electrocution weapon and no rElec!
 10153 | D:7      | Danger: Low HP Warning |T2| Reason: 58% HP (48/82)
 10154 | D:7      | Danger: Low HP Warning |T2| Reason: 54% HP (45/82)
 10155 | D:7      | Danger: Low HP Warning |T2| Reason: 52% HP (43/82)
 10158 | D:7      | Danger: Low HP Warning |T2| Reason: 45% HP (38/83)
 10159 | D:7      | Danger: Low HP Warning |T2| Reason: 44% HP (37/83)
 10160 | D:7      | Danger: Low HP Warning |T2| Reason: 44% HP (37/83)
 10161 | D:7      | Danger: Low HP Warning |T2| Reason: 43% HP (36/83)
 10162 | D:7      | Danger: Low HP Warning |T2| Reason: 42% HP (35/83)
 10163 | D:7      | Danger: Low HP Warning |T2| Reason: 42% HP (35/83)
 10164 | D:7      | Danger: Low HP Warning |T2| Reason: 42% HP (35/83)
 10165 | D:7      | Danger: Low HP Warning |T2| Reason: 42% HP (35/83)
 10166 | D:7      | Danger: Low HP Warning |T2| Reason: 43% HP (36/83)
 10167 | D:7      | Danger: Low HP Warning |T2| Reason: 43% HP (36/83)
 10525 | D:7      | Danger: Low HP Warning |T2| Reason: 56% HP (49/87)
 10526 | D:7      | Danger: Low HP Warning |T2| Reason: 51% HP (45/87)
 10527 | D:7      | Danger: Low HP Warning |T2| Reason: 48% HP (42/87)
 10528 | D:7      | Danger: Low HP Warning |T2| Reason: 45% HP (40/87)
 10529 | D:7      | Danger: Low HP Warning |T2| Reason: 42% HP (37/87)
 10530 | D:7      | Danger: Low HP Warning |T2| Reason: 41% HP (36/87)
 10531 | D:7      | Danger: Low HP Warning |T2| Reason: 40% HP (35/87)
 10532 | D:7      | Danger: Low HP Warning |T2| Reason: 39% HP (34/87)
 10533 | D:7      | Danger: Low HP Warning |T2| Reason: 37% HP (33/87)
 10534 | D:7      | Danger: Low HP Warning |T2| Reason: 37% HP (33/87)
 10535 | D:7      | Danger: Low HP Warning |T2| Reason: 36% HP (32/87)
 10536 | D:7      | Danger: Low HP Warning |T2| Reason: 35% HP (31/87)
 10537 | D:7      | Danger: Low HP Warning |T2| Reason: 36% HP (32/87)
 10538 | D:7      | Danger: Low HP Warning |T2| Reason: 36% HP (32/87)
 10539 | D:7      | Danger: Low HP Warning |T2| Reason: 36% HP (32/87)
 10540 | D:7      | Danger: Low HP Warning |T2| Reason: 37% HP (33/87)
 10541 | D:7      | Danger: Low HP Warning |T2| Reason: 37% HP (33/87)
 10542 | D:7      | Danger: Low HP Warning |T2| Reason: 37% HP (33/87)
 10543 | D:7      | Danger: Low HP Warning |T2| Reason: 39% HP (34/87)
 10544 | D:7      | Danger: Low HP Warning |T2| Reason: 39% HP (34/87)
 10545 | D:7      | Danger: Low HP Warning |T2| Reason: 39% HP (34/87)
 10546 | D:7      | Danger: Low HP Warning |T2| Reason: 40% HP (35/87)
 10547 | D:7      | Danger: Low HP Warning |T2| Reason: 40% HP (35/87)
 10548 | D:7      | Danger: Low HP Warning |T2| Reason: 40% HP (35/87)
 10549 | D:7      | Danger: Low HP Warning |T2| Reason: 41% HP (36/87)
 10550 | D:7      | Danger: Low HP Warning |T2| Reason: 41% HP (36/87)
 10551 | D:7      | Danger: Low HP Warning |T2| Reason: 41% HP (36/87)
 10552 | D:7      | Danger: Low HP Warning |T2| Reason: 42% HP (37/87)
 10553 | D:7      | Danger: Low HP Warning |T2| Reason: 42% HP (37/87)
 10554 | D:7      | Danger: Low HP Warning |T2| Reason: 42% HP (37/87)
 10555 | D:7      | Danger: Low HP Warning |T2| Reason: 43% HP (38/87)
 10556 | D:7      | Danger: Low HP Warning |T2| Reason: 43% HP (38/87)
 10557 | D:7      | Danger: Low HP Warning |T2| Reason: 43% HP (38/87)
 10558 | D:7      | Danger: Low HP Warning |T2| Reason: 44% HP (39/87)
 10559 | D:7      | Danger: Low HP Warning |T2| Reason: 44% HP (39/87)
 10560 | D:7      | Danger: Low HP Warning |T2| Reason: 45% HP (40/87)
 10561 | D:7      | Danger: Low HP Warning |T2| Reason: 45% HP (40/87)
 10562 | D:7      | Danger: Low HP Warning |T2| Reason: 45% HP (40/87)
 10563 | D:7      | Danger: Low HP Warning |T2| Reason: 47% HP (41/87)
 10564 | D:7      | Danger: Low HP Warning |T2| Reason: 47% HP (41/87)
 10565 | D:7      | Danger: Low HP Warning |T2| Reason: 47% HP (41/87)
 10566 | D:7      | Danger: Low HP Warning |T2| Reason: 48% HP (42/87)
 10567 | D:7      | Danger: Low HP Warning |T2| Reason: 48% HP (42/87)
 10568 | D:7      | Danger: Low HP Warning |T2| Reason: 48% HP (42/87)
 10569 | D:7      | Danger: Low HP Warning |T2| Reason: 49% HP (43/87)
 10570 | D:7      | Danger: Low HP Warning |T2| Reason: 49% HP (43/87)
 10571 | D:7      | Danger: Low HP Warning |T2| Reason: 49% HP (43/87)
 10573 | D:7      | Danger: Low HP Warning |T2| Reason: 50% HP (44/87)
 10574 | D:7      | Danger: Low HP Warning |T2| Reason: 39% HP (34/87)
 10575 | D:7      | Danger: Low HP Warning |T2| Reason: 29% HP (26/87)
 10576 | D:7      | Danger: Low HP Warning |T3| Reason: 24% HP (21/87)
 10577 | D:7      | Danger: Low HP Warning |T3| Reason: 19% HP (17/87)
 10877 | D:7      | Danger: Low HP Warning |T2| Reason: 56% HP (50/88)
 11031 | D:7      | Reached skill level 10 in Fighting
 11295 | D:7      | Found an ornate altar of the Wu Jian Council.
 11535 | D:7      | Danger: Crazy Yiuf |T2| Reason: Unique monster, careful!
 11540 | D:7      | Killed Crazy Yiuf
 11646 | D:8      | Reached XP level 10. HP: 87/99 MP: 10/10
 11780 | D:8      | Reached skill level 5 in Dodging
 11785 | D:8      | Noticed a two-headed ogre
 11998 | D:8      | Found a broken altar of Ashenzari.
 12393 | D:8      | Found a glowing golden altar of the Shining One.
 12411 | D:8      | Noticed Joseph
 12412 | D:8      | Danger: Joseph |T2| Reason: Unique monster, careful!
 12422 | D:8      | Danger: Joseph |T2| Reason: Unique monster, careful!
 12428 | D:8      | Danger: Joseph |T2| Reason: Unique monster, careful!
 12504 | D:8      | Danger: Joseph |T2| Reason: Unique monster, careful!
 12585 | D:8      | Killed a two-headed ogre
 12749 | D:8      | Noticed Erica
 12750 | D:8      | Danger: Erica |T2| Reason: Slow and low Will, careful
 12750 | D:8      | Danger: Erica |T2| Reason: Unique monster, careful!
 12750 | D:8      | Danger: Erica |T2| Reason: carrying a wand of acid (13),
                  | careful!
 12754 | D:8      | Danger: Erica |T2| Reason: Slow and low Will, careful
 12754 | D:8      | Danger: Erica |T2| Reason: Unique monster, careful!
 12754 | D:8      | Danger: Erica |T2| Reason: carrying a wand of acid (13),
                  | careful!
 12844 | D:8      | Danger: Erica |T2| Reason: Slow and low Will, careful
 12844 | D:8      | Danger: Erica |T2| Reason: Unique monster, careful!
 12844 | D:8      | Danger: Erica |T2| Reason: carrying a wand of acid (13),
                  | careful!
 13134 | D:8      | Danger: Erica |T2| Reason: Slow and low Will, careful
 13134 | D:8      | Danger: Erica |T2| Reason: Unique monster, careful!
 13134 | D:8      | Danger: Erica |T2| Reason: carrying a wand of acid (12),
                  | careful!
 13143 | D:8      | Danger: Erica |T2| Reason: Slow and low Will, careful
 13143 | D:8      | Danger: Erica |T2| Reason: Unique monster, careful!
 13143 | D:8      | Danger: Erica |T2| Reason: carrying a wand of acid (12),
                  | careful!
 13192 | D:8      | Noticed Pikel
 13193 | D:8      | Danger: Pikel |T2| Reason: Unique monster, careful!
 13199 | D:8      | Danger: Pikel |T2| Reason: Unique monster, careful!
 13204 | D:8      | Danger: Joseph |T2| Reason: Unique monster, careful!
 13227 | D:8      | Found a staircase to the Lair.
 13359 | D:8      | Danger: Erica |T2| Reason: Slow and low Will, careful
 13359 | D:8      | Danger: Erica |T2| Reason: Unique monster, careful!
 13359 | D:8      | Danger: Erica |T2| Reason: carrying a wand of acid (12),
                  | careful!
 13369 | D:8      | Danger: Erica |T2| Reason: carrying a wand of acid (11),
                  | careful!
 13534 | D:9      | Found a white marble altar of Elyvilon.
 13610 | D:9      | Found a flagged portal.
 13625 | Bailey   | Entered a bailey
 13631 | D:9      | Danger: kobold brigand |T2| Reason: Quivering poison darts
                  | and no rPois, careful!
 13639 | D:9      | Danger: kobold brigand |T2| Reason: Quivering poison darts
                  | and no rPois, careful!
 13714 | D:9      | Found a stormy altar of Qazlal.
 13723 | D:9      | Reached ** piety under Hepliaklqana
 13769 | D:9      | Identified the +9 war axe "Widowermaker" {venom, *Noise
                  | rF++ rC+ Stlth+}
 13798 | D:9      | Reached skill level 2 in Maces & Flails
 13916 | D:9      | :probably i should have not done that
 13919 | D:9      | Danger: Low HP Warning |T2| Reason: 54% HP (54/99)
 13920 | D:9      | Danger: Low HP Warning |T2| Reason: 49% HP (49/99)
 13921 | D:9      | Danger: Low HP Warning |T2| Reason: 55% HP (55/99)
 13922 | D:9      | Danger: orc |T2| Reason: Quivering boomerangs, careful!
 13922 | D:9      | Danger: Low HP Warning |T2| Reason: 55% HP (55/99)
 13923 | D:9      | Danger: Low HP Warning |T2| Reason: 55% HP (55/99)
 13924 | D:9      | Danger: Low HP Warning |T2| Reason: 48% HP (48/99)
 13925 | D:9      | Danger: Low HP Warning |T2| Reason: 41% HP (41/99)
 13926 | D:9      | Danger: Low HP Warning |T2| Reason: 26% HP (26/99)
 13927 | D:9      | Danger: Low HP Warning |T2| Reason: 27% HP (27/99)
 13928 | D:9      | Danger: Low HP Warning |T2| Reason: 46% HP (46/99)
 13929 | D:9      | Danger: Low HP Warning |T2| Reason: 47% HP (47/99)
 13930 | D:9      | Danger: Low HP Warning |T2| Reason: 47% HP (47/99)
 13930 | D:9      | Remembered your ancestor šŸ¦€ as a knight
 13931 | D:9      | Danger: Low HP Warning |T2| Reason: 47% HP (47/99)
 13932 | D:9      | Danger: Low HP Warning |T2| Reason: 28% HP (28/99)
 13935 | D:9      | Danger: Low HP Warning |T2| Reason: 29% HP (29/99)
 13936 | D:9      | Danger: Low HP Warning |T2| Reason: 29% HP (29/99)
 13937 | D:9      | Danger: Low HP Warning |T2| Reason: 29% HP (29/99)
 13938 | D:9      | Danger: Low HP Warning |T2| Reason: 30% HP (30/99)
 13985 | D:9      | Danger: Low HP Warning |T2| Reason: 47% HP (47/99)
 13994 | D:9      | Danger: Low HP Warning |T2| Reason: 50% HP (50/99)
 13995 | D:9      | Danger: Low HP Warning |T2| Reason: 50% HP (50/99)
 13996 | D:9      | Danger: Low HP Warning |T2| Reason: 51% HP (51/99)
 13997 | D:9      | Danger: Low HP Warning |T2| Reason: 51% HP (51/99)
 13998 | D:9      | Danger: orc |T2| Reason: Quivering boomerangs, careful!
 13998 | D:9      | Danger: Low HP Warning |T2| Reason: 50% HP (50/99)
 13999 | D:9      | Danger: Low HP Warning |T2| Reason: 46% HP (46/99)
 14000 | D:9      | Danger: Low HP Warning |T2| Reason: 46% HP (46/99)
 14001 | D:9      | Danger: Low HP Warning |T2| Reason: 42% HP (42/99)
 14002 | D:9      | Danger: Low HP Warning |T2| Reason: 43% HP (43/99)
 14003 | D:9      | Danger: Low HP Warning |T2| Reason: 43% HP (43/99)
 14004 | D:9      | Danger: Low HP Warning |T2| Reason: 44% HP (44/99)
 14005 | D:9      | Danger: Low HP Warning |T2| Reason: 44% HP (44/99)
 14006 | D:9      | Danger: Low HP Warning |T2| Reason: 44% HP (44/99)
 14007 | D:9      | Danger: Low HP Warning |T2| Reason: 45% HP (45/99)
 14008 | D:9      | Danger: Low HP Warning |T2| Reason: 45% HP (45/99)
 14011 | D:9      | Danger: Low HP Warning |T2| Reason: 46% HP (46/99)
 14012 | D:9      | Danger: Low HP Warning |T2| Reason: 46% HP (46/99)
 14033 | D:9      | Danger: Low HP Warning |T2| Reason: 54% HP (54/99)
 14035 | D:9      | Danger: Low HP Warning |T2| Reason: 55% HP (55/99)
 14037 | D:9      | Danger: Low HP Warning |T2| Reason: 55% HP (55/99)
 14038 | D:9      | Danger: Low HP Warning |T2| Reason: 56% HP (56/99)
 14039 | D:9      | Danger: Low HP Warning |T2| Reason: 56% HP (56/99)
 14040 | D:9      | Danger: Low HP Warning |T2| Reason: 56% HP (56/99)
 14041 | D:9      | Danger: Low HP Warning |T2| Reason: 57% HP (57/99)
 14165 | D:8      | Danger: Joseph |T2| Reason: Unique monster, careful!
 14179 | D:9      | Found Fuopsise's Magic Scroll Shop.
 14183 | D:9      | Found Wostagom's Magic Scroll Shop.
 14183 | D:9      | Found Tyel's Assorted Antiques.
 14184 | D:9      | Found Galeir's General Store.
 14195 | D:9      | Reached skill level 3 in Maces & Flails
 14199 | D:9      | Bought a brown potion for 23 gold pieces
 14199 | D:9      | Bought a scroll labelled JUTAPS WASTRUA for 26 gold pieces
 14207 | D:9      | Bought a scroll of enchant armour for 120 gold pieces
 14236 | D:9      | Bought a scroll of teleportation for 36 gold pieces
 14236 | D:9      | Bought a scroll of fear for 48 gold pieces
 14236 | D:9      | Bought a scroll of identify for 24 gold pieces
 14242 | D:10     | Entered Level 10 of the Dungeon
 14402 | D:10     | Reached skill level 4 in Maces & Flails
 14408 | D:10     | Danger: Low HP Warning |T2| Reason: 57% HP (57/99)
 14409 | D:10     | Danger: Low HP Warning |T2| Reason: 58% HP (58/99)
 14410 | D:10     | Danger: Low HP Warning |T2| Reason: 58% HP (58/99)
 14411 | D:10     | Danger: Low HP Warning |T2| Reason: 58% HP (58/99)
 14412 | D:10     | Danger: Low HP Warning |T2| Reason: 59% HP (59/99)
 14415 | D:10     | Reached skill level 5 in Maces & Flails
 14420 | D:10     | Danger: Low HP Warning |T2| Reason: 58% HP (58/99)
 14546 | D:10     | Reached XP level 11. HP: 105/105 MP: 11/11
 14558 | D:10     | Reached skill level 6 in Maces & Flails
 14943 | D:10     | Danger: Low HP Warning |T2| Reason: 51% HP (54/105)
 14946 | D:10     | Reached skill level 7 in Maces & Flails
 15323 | D:10     | Found a shimmering altar of Xom.
 15492 | D:11     | Danger: Low HP Warning |T2| Reason: 52% HP (53/101)
 15773 | D:11     | Noticed a boulder beetle
 15781 | D:11     | Killed a boulder beetle
 15953 | D:11     | Noticed a two-headed ogre
 16049 | D:11     | Reached skill level 8 in Maces & Flails
 16073 | D:11     | Killed a two-headed ogre
 16217 | D:11     | Noticed a red ugly thing
 16329 | D:11     | Noticed a cyclops
 16330 | D:11     | Danger: basilisk |T3| Reason: Petrify and low Will
 16330 | D:11     | Danger: basilisk |T2| Reason: OOD monster, careful!
 16330 | D:11     | Danger: cyclops |T2| Reason: Quivering large rocks, watch
                  | out!!
 16609 | D:9      | Got the Thoughts on the Salvo
 16625 | D:9      | Reached skill level 9 in Maces & Flails
 16768 | D:9      | Found a basalt altar of Yredelemnul.
 16787 | D:9      | Danger: Low HP Warning |T2| Reason: 57% HP (56/98)
 16788 | D:9      | Danger: Low HP Warning |T2| Reason: 58% HP (57/98)
 16789 | D:9      | Danger: Low HP Warning |T2| Reason: 58% HP (57/98)
 17152 | D:8      | Danger: Pikel |T2| Reason: Unique monster, careful!
 17262 | D:8      | Found an opulent altar of Gozag.
 17470 | D:8      | Danger: Joseph |T2| Reason: Unique monster, careful!
 17472 | D:8      | Danger: Pikel |T2| Reason: Unique monster, careful!
 17480 | D:8      | Reached skill level 10 in Maces & Flails
 17481 | D:8      | Killed Pikel
 17485 | D:8      | Killed Joseph
 17665 | D:8      | Found a burning altar of Makhleb.
 17745 | Lair:1   | Entered Level 1 of the Lair of Beasts
 17749 | Lair:1   | Reached *** piety under Hepliaklqana
 17750 | Lair:1   | Danger: basilisk |T3| Reason: Petrify and low Will
 17751 | Lair:1   | Danger: basilisk |T3| Reason: Petrify and low Will
 17752 | Lair:1   | Danger: basilisk |T3| Reason: Petrify and low Will
 17755 | Lair:1   | Danger: basilisk |T3| Reason: Petrify and low Will
 17756 | Lair:1   | Danger: basilisk |T3| Reason: Petrify and low Will
 17757 | Lair:1   | Danger: basilisk |T3| Reason: Petrify and low Will
 17776 | Lair:1   | Found a shimmering altar of Xom.
 17848 | Lair:1   | Danger: electric eel |T2| Reason: Electrical Bolt and no
                  | rElec
 17849 | Lair:1   | Danger: electric eel |T2| Reason: Electrical Bolt and no
                  | rElec
 17854 | Lair:1   | Reached XP level 12. HP: 108/113 MP: 12/12
 18472 | Lair:1   | Reached skill level 11 in Maces & Flails
 18621 | Lair:2   | Danger: Low HP Warning |T2| Reason: 60% HP (68/113)
 18622 | Lair:2   | Danger: Low HP Warning |T2| Reason: 57% HP (65/113)
 18623 | Lair:2   | Danger: Low HP Warning |T2| Reason: 53% HP (61/113)
 18624 | Lair:2   | Danger: Low HP Warning |T2| Reason: 52% HP (59/113)
 18688 | Lair:2   | Found a dark tunnel.
 18689 | Lair:2   | You are sucked into a shaft and drop 1 floor!
 18689 | Lair:2   | Danger: Shafted! |T3| Reason: Shafted!
 18689 | Lair:3   | Reached **** piety under Hepliaklqana
 18690 | Lair:3   | :waow
 18706 | Lair:3   | Danger: basilisk |T3| Reason: Petrify and low Will
 18707 | Lair:3   | Danger: basilisk |T3| Reason: Petrify and low Will
 18708 | Lair:3   | Danger: basilisk |T3| Reason: Petrify and low Will
 18709 | Lair:3   | Danger: tarantella simulacrum |T2| Reason: simulacrum and
                  | no rC, careful
 18709 | Lair:3   | Danger: tarantella simulacrum |T3| Reason: fast simulacrum
                  | and no rC, watch out!!
 18709 | Lair:3   | Danger: basilisk |T3| Reason: Petrify and low Will
 18710 | Lair:3   | Danger: tarantella simulacrum |T3| Reason: fast simulacrum
                  | and no rC, watch out!!
 18711 | Lair:3   | Danger: basilisk |T3| Reason: Petrify and low Will
 18711 | Lair:3   | Danger: redback simulacrum |T2| Reason: simulacrum and no
                  | rC, careful
 18711 | Lair:3   | Danger: redback simulacrum |T3| Reason: fast simulacrum and
                  | no rC, watch out!!
 18711 | Lair:3   | Danger: tarantella simulacrum |T3| Reason: fast simulacrum
                  | and no rC, watch out!!
 18712 | Lair:3   | Danger: redback simulacrum |T3| Reason: fast simulacrum and
                  | no rC, watch out!!
 18712 | Lair:3   | Danger: tarantella simulacrum |T3| Reason: fast simulacrum
                  | and no rC, watch out!!
 18713 | Lair:3   | Danger: redback simulacrum |T3| Reason: fast simulacrum and
                  | no rC, watch out!!
 18713 | Lair:3   | Danger: tarantella simulacrum |T3| Reason: fast simulacrum
                  | and no rC, watch out!!
 18713 | Lair:3   | Danger: Low HP Warning |T2| Reason: 59% HP (67/113)
 18714 | Lair:3   | Danger: redback simulacrum |T3| Reason: fast simulacrum and
                  | no rC, watch out!!
 18714 | Lair:3   | Danger: tarantella simulacrum |T3| Reason: fast simulacrum
                  | and no rC, watch out!!
 18714 | Lair:3   | Danger: Low HP Warning |T2| Reason: 60% HP (68/113)
 18715 | Lair:3   | Danger: tarantella simulacrum |T3| Reason: fast simulacrum
                  | and no rC, watch out!!
 18715 | Lair:3   | Danger: Low HP Warning |T2| Reason: 60% HP (68/113)
 18716 | Lair:3   | Danger: basilisk |T3| Reason: Petrify and low Will
 18716 | Lair:3   | Danger: tarantella simulacrum |T3| Reason: fast simulacrum
                  | and no rC, watch out!!
 18717 | Lair:3   | Danger: basilisk |T3| Reason: Petrify and low Will
 18718 | Lair:3   | Danger: basilisk |T3| Reason: Petrify and low Will
 18718 | Lair:3   | Danger: Low HP Warning |T2| Reason: 47% HP (54/113)
 18719 | Lair:3   | Danger: basilisk |T3| Reason: Petrify and low Will
 18719 | Lair:3   | Danger: Low HP Warning |T2| Reason: 56% HP (64/113)
 18720 | Lair:3   | Danger: basilisk |T3| Reason: Petrify and low Will
 18720 | Lair:3   | Found a hole to the Spider Nest.
 18721 | Lair:3   | Danger: basilisk |T3| Reason: Petrify and low Will
 18722 | Lair:3   | Danger: basilisk simulacrum |T2| Reason: simulacrum and no
                  | rC, careful
 18819 | Volcano  | Entered a volcano
 18855 | Volcano  | Reached skill level 12 in Maces & Flails
 18896 | Volcano  | Danger: Low HP Warning |T2| Reason: 55% HP (63/113)
 18897 | Volcano  | Danger: Low HP Warning |T2| Reason: 56% HP (64/113)
 18898 | Volcano  | Danger: Low HP Warning |T2| Reason: 47% HP (54/113)
 18899 | Volcano  | Danger: Low HP Warning |T2| Reason: 47% HP (54/113)
 18900 | Volcano  | Danger: Low HP Warning |T2| Reason: 47% HP (54/113)
 18901 | Volcano  | Danger: Low HP Warning |T2| Reason: 36% HP (41/113)
 18902 | Volcano  | Danger: Low HP Warning |T2| Reason: 53% HP (60/113)
 18903 | Volcano  | Danger: Low HP Warning |T2| Reason: 30% HP (34/113)
 18904 | Volcano  | Danger: Low HP Warning |T2| Reason: 30% HP (35/113)
 18905 | Volcano  | Danger: Low HP Warning |T2| Reason: 31% HP (36/113)
 18908 | Volcano  | Danger: Low HP Warning |T2| Reason: 33% HP (38/113)
 18909 | Volcano  | Danger: Low HP Warning |T2| Reason: 34% HP (39/113)
 19066 | Volcano  | Danger: Low HP Warning |T2| Reason: 52% HP (59/113)
 19160 | Volcano  | Reached skill level 5 in Invocations
 19164 | Volcano  | Danger: Low HP Warning |T2| Reason: 54% HP (62/113)
 19165 | Volcano  | Danger: Low HP Warning |T2| Reason: 55% HP (63/113)
 19166 | Volcano  | Danger: Low HP Warning |T2| Reason: 41% HP (47/113)
 19230 | Volcano  | Noticed a fire dragon
 19231 | Volcano  | Danger: fire dragon |T2| Reason: Fire Breath deals more
                  | than 50% MHP!
 19234 | Volcano  | Danger: fire dragon |T2| Reason: Fire Breath deals more
                  | than 50% MHP!
 19241 | Volcano  | Killed a fire dragon
 19387 | Lair:2   | Found a staircase to the Swamp.
 19389 | Lair:2   | Danger: bog body |T2| Reason: Slow and low Will, careful
 19389 | Lair:2   | Danger: bog body |T2| Reason: Bolt of Cold and no rC
 19398 | Lair:2   | Danger: Low HP Warning |T2| Reason: 58% HP (66/113)
 19399 | Lair:2   | Danger: Low HP Warning |T2| Reason: 58% HP (66/113)
 19400 | Lair:2   | Danger: Low HP Warning |T2| Reason: 59% HP (67/113)
 19401 | Lair:2   | Danger: Low HP Warning |T2| Reason: 59% HP (67/113)
 19402 | Lair:2   | Danger: Low HP Warning |T2| Reason: 60% HP (68/113)
 19909 | Lair:2   | Danger: Low HP Warning |T2| Reason: 60% HP (68/113)
 20235 | Lair:2   | Danger: electric eel |T2| Reason: Electrical Bolt and no
                  | rElec
 20312 | Lair:2   | Reached XP level 13. HP: 97/119 MP: 14/19
 20548 | Lair:3   | Danger: alligator |T2| Reason: OOD monster, careful!
 20548 | Lair:3   | Danger: alligator |T2| Reason: OOD monster, careful!
 20552 | Lair:3   | Danger: Low HP Warning |T2| Reason: 57% HP (69/119)
 20553 | Lair:3   | Danger: Low HP Warning |T2| Reason: 54% HP (65/119)
 20554 | Lair:3   | Danger: alligator |T2| Reason: OOD monster, careful!
 20554 | Lair:3   | Danger: Low HP Warning |T2| Reason: 56% HP (67/119)
 20555 | Lair:3   | Danger: Low HP Warning |T2| Reason: 57% HP (68/119)
 20556 | Lair:3   | Danger: Low HP Warning |T2| Reason: 57% HP (69/119)
 20557 | Lair:3   | Danger: Low HP Warning |T2| Reason: 55% HP (66/119)
 20558 | Lair:3   | Danger: Low HP Warning |T2| Reason: 56% HP (67/119)
 20559 | Lair:3   | Danger: alligator |T2| Reason: OOD monster, careful!
 20559 | Lair:3   | Danger: Low HP Warning |T2| Reason: 57% HP (68/119)
 20560 | Lair:3   | Danger: Low HP Warning |T2| Reason: 57% HP (69/119)
 20561 | Lair:3   | Danger: Low HP Warning |T2| Reason: 57% HP (68/119)
 20562 | Lair:3   | Danger: Low HP Warning |T2| Reason: 57% HP (68/119)
 20563 | Lair:3   | Danger: Low HP Warning |T2| Reason: 57% HP (69/119)
 20564 | Lair:3   | Danger: Low HP Warning |T2| Reason: 56% HP (67/119)
 20565 | Lair:3   | Reached skill level 10 in Invocations
 20567 | Lair:3   | Danger: Low HP Warning |T2| Reason: 59% HP (72/121)
 20568 | Lair:3   | Danger: Low HP Warning |T2| Reason: 60% HP (73/121)
 20569 | Lair:3   | Danger: Low HP Warning |T2| Reason: 60% HP (73/121)
 20586 | Lair:3   | Danger: alligator |T2| Reason: OOD monster, careful!
 20592 | Lair:3   | Danger: Low HP Warning |T2| Reason: 52% HP (64/121)
 20593 | Lair:3   | Danger: Low HP Warning |T2| Reason: 57% HP (70/121)
 20594 | Lair:3   | Danger: Low HP Warning |T2| Reason: 53% HP (65/121)
 20595 | Lair:3   | Danger: Low HP Warning |T2| Reason: 54% HP (67/123)
 20596 | Lair:3   | Danger: Low HP Warning |T2| Reason: 55% HP (68/123)
 20597 | Lair:3   | Danger: Low HP Warning |T3| Reason: 20% HP (25/123)
 20598 | Lair:3   | Danger: Low HP Warning |T3| Reason: 21% HP (26/123)
 20599 | Lair:3   | Danger: Low HP Warning |T3| Reason: 22% HP (28/123)
 20600 | Lair:3   | Danger: Low HP Warning |T3| Reason: 5% HP (7/123)
 20600 | Lair:3   | :asdfghjkjk
 20600 | Lair:3   | HP: 4/123 [swamp worm (4)]
 20601 | Lair:3   | Danger: Low HP Warning |T3| Reason: 3% HP (4/123)
 20602 | Lair:3   | Danger: Low HP Warning |T3| Reason: 23% HP (29/123)
 20603 | Lair:3   | Danger: Low HP Warning |T3| Reason: 21% HP (26/123)
 20603 | Lair:3   | Slain by a swamp worm

Illustrated notes ...#.......#.y#+**#......# ...#.......#..#,,,+......# ...#.......'.R#,,,#...#*** ...#.......#..#,,,#...# ##.##'##'###.y#,,,#...# #............#,,,#...# #............#,,,#...# #...........y#####...# #..........yyyy@R....# ################.....# #.....# ####### Turn 13916 on D:9: :probably i should have not done that #.....# .....## #.....# # .....# #.###....# .........### ........>.P# .......@.P# ..........# ..........# ...........# .......[..## .......?..# ........... ...........# Turn 18690 on Lair:3: :waow

..#######.###.#
#..#........#.##
##.........^..P##
#......<........#.
.................# ā‰ˆ....
##...............## #....
#................# #.....
#...D............# #w....
#..@...........# #.....#
##wR...........#
#...Dy.##w............## ##
#......#y#...........P# ###.
#...wwyD##...#..###.#####...
#...w..####...### #.#P##....
#.......# #..## # #.........
#.......# #..# .###.#......
#..t..yP###... ....#......


Turn 20600 on Lair:3: :asdfghjkjk

Levels and vault maps discovered:
D:1:      elethiomel_arrival_shortcut, layout_loops_cross
D:2:      layout_basic, basic_ecumenical_altar
D:3:      kennysheep_goblin_castle, layout_rooms,
          nicolae_concentric_dashed_squares_mild
D:4:      layout_loops_ring, mainiacjoe_overflow_two_lobes
D:5:      layout_rooms, nicolae_wu_jian_immortal_techniques,
          overflow_temple_1_default, nicolae_sif_muna_little_library,
          mainiacjoe_overflow_catwalk, minmay_temple_entry_junction_2
D:6:      layout_loops_cross, zin_angel, enter_ossuary_5, serial_shops, shop
D:7:      layout_cave_pods, serial_glass, glass_columns_b, glass_columns_c,
          due_unseen_surprise, item_on_display_a, item_on_display_a,
          feat_on_display, minmay_ruined_shrine, uniq_crazy_yiuf_cottage,
          uniq_menkaure
D:8:      minmay_general_purpose_star, layout_loops_ring,
          lemuel_coloured_pillars_altar, makhleb_grotto_becter,
          ashenzari_altar_1, nicolae_tso_besieged_by_evil, lair_entry_dummy,
          serial_demonic, serial_demonic_c, serial_demonic_a, serial_demonic_f,
          serial_demonic_g, uniq_pikel, uniq_erica, uniq_joseph
D:9:      layout_irregular_city, lemuel_mausoleum_altar_yredelemnul,
          mainiacjoe_overflow_surrounded_room, nicolae_qazlal_scattered_showers,
          enter_bailey_2, minmay_misc_feat_five, minmay_shop_grid_forest
D:10:     layout_roguey, tgw_xom, due_unseen_surprise
D:11:     layout_gridville, hiddenorc2_lemuel, onia_ninara_cookie
Lair:1:   layout_regular_city, basic_altar, grunt_forest_large_clearing_hut,
          serial_bayou_shore_a, grunt_megastairs_2, serial_bayou_shore_b
Lair:2:   statuecave_lemuel, layout_loops_ring, skrybe_swamp_entry_bodies,
          enter_volcano_4, chequers_serial_rivers_room_b
Lair:3:   onia_ninara_swampy_vault, layout_cave_pods,
          nicolae_spider_entry_lesser_pyramids,
          grunt_forest_small_clearing_treed

Skill      XL: |  1  2  3  4  5  6  7  8  9 10 11 12 13 |
---------------+----------------------------------------+-----
Dodging        | 2 3 6 |  6.9
Fighting       | 5 10 11 | 11.3
Stealth        | 4 5 |  5.0
Polearms       | 3 5 7 9 10 | 10.0
Throwing       | 4 |  4.0
Maces & Flails | 5 10 12 | 12.0
Invocations    | 8 10 | 10.0

Action                     |  1- 3 |  4- 6 |  7- 9 | 10-12 | 13-15 || total
---------------------------+-------+-------+-------+-------+-------++-------
  Melee: Spear             |   173 |   205 |       |       |       ||   378
         Punch             |     2 |       |       |     9 |     2 ||    13
         Halberd           |       |   160 |   407 |    86 |       ||   653
         Peck              |       |       |    31 |   128 |    16 ||   175
         Demon whip        |       |       |       |   494 |    65 ||   559
  Throw: Stone             |       |    21 |       |       |       ||    21
         Boomerang         |       |       |    24 |    43 |       ||    67
 Invoke: Recall Ancestor   |       |       |     5 |    16 |     1 ||    22
         Ancestor Identity |       |       |     1 |       |       ||     1
         Ancestor Life: Kn |       |       |       |     1 |       ||     1
         Idealise          |       |       |       |     1 |     1 ||     2
  Evoke: Wand              |       |       |     5 |    10 |     1 ||    16
    Use: Potion            |     1 |     3 |     5 |     6 |     3 ||    18
         Scroll            |     3 |     2 |    13 |    24 |     4 ||    46
   Stab: Sleeping          |    14 |     7 |    16 |     7 |       ||    44
         Distracted        |       |     1 |       |     5 |       ||     6
 Armour: Robe              |    43 |    44 |    60 |    52 |       ||   199
         Animal skin       |       |    42 |    19 |       |       ||    61
         Troll leather arm |       |       |       |    69 |    16 ||    85
  Dodge: Dodged            |   113 |   172 |   138 |   252 |    34 ||   709
